| TOP OF THE 1ST |
|
Lowell Spinners batting - Pitching for Idaho Falls Chukars : RHP Kevin Tumbleson
|
|
Pitching: RHP Kevin Tumbleson
|
|
|
Batting: RHB Sal Rivera
|
0-0: SINGLE (Line Drive, 8LS, EV 102.5 MPH)
|
|
Batting: RHB Frank Sokolosky
|
0-0: Called Strike 0-1: Ball 1-1: Fly out, F9 (Flyball, 9LM, EV 93.8 MPH)
|
|
Batting: LHB Frank Olivo
|
0-0: Ball 1-0: Ball Sal Rivera is caught stealing 2nd base 2-6 2-0: Called Strike 2-1: Foul Ball, location: 2F 2-2: Ball 3-2: Foul Ball, location: 2F 3-2: Base on Balls
|
|
Batting: RHB Travis Campbell
|
0-0: Called Strike 0-1: Swinging Strike 0-2: Ball 1-2: Ball 2-2: Ball Pickoff Throw to First - Out! 1-3
|
| Top of the 1st over - 0 runs, 1 hit, 0 errors, 0 left on base; Lowell 0 - Idaho Falls 0 |
| BOTTOM OF THE 1ST |
|
Idaho Falls Chukars batting - Pitching for Lowell Spinners : RHP Victor Escobar
|
|
Pitching: RHP Victor Escobar
|
|
|
Batting: RHB Tim Persson
|
0-0: Swinging Strike 0-1: Ball 1-1: Ball 2-1: Ground out 5-3 (Groundball, 56, EV 98.8 MPH)
|
|
Batting: RHB Kevin Wimberly
|
0-0: Swinging Strike 0-1: Ball 1-1: Foul Ball, location: 2F 1-2: Ball 2-2: Ground out 5-3 (Groundball, 5S, EV 85.6 MPH)
|
|
Batting: RHB Edwin Ramos
|
0-0: Fly out, F7 (Flyball, 7, EV 78.1 MPH)
|
| Bottom of the 1st over - 0 runs, 0 hits, 0 errors, 0 left on base; Lowell 0 - Idaho Falls 0 |
| TOP OF THE 2ND |
|
Lowell Spinners batting - Pitching for Idaho Falls Chukars : RHP Kevin Tumbleson
|
|
Batting: RHB Travis Campbell
|
0-0: Ball 1-0: Ball 2-0: Ball 3-0: Called Strike 3-1: Swinging Strike 3-2: Foul Ball, location: 2F 3-2: Strikes out looking
|
|
Pitching: RHP Mike Galvin
|
|
|
Batting: RHB Paul Long
|
0-0: Called Strike 0-1: Foul Ball, location: 2F 0-2: Strikes out looking
|
|
Batting: RHB Bobby Schimke
|
0-0: Ball 1-0: Ball 2-0: Ball 3-0: Base on Balls
|
|
Batting: RHB Jose Molina
|
0-0: Ball 1-0: Called Strike 1-1: Foul Ball, location: 2F 1-2: Fly out, F7 (Flyball, 7, EV 88.1 MPH)
|
| Top of the 2nd over - 0 runs, 0 hits, 0 errors, 1 left on base; Lowell 0 - Idaho Falls 0 |
| BOTTOM OF THE 2ND |
|
Idaho Falls Chukars batting - Pitching for Lowell Spinners : RHP Victor Escobar
|
|
Batting: RHB Chad Sullivan
|
0-0: Ball 1-0: Swinging Strike 1-1: Ball 2-1: Ball 3-1: Base on Balls
|
|
Batting: LHB Joe Cozart
|
0-0: Called Strike 0-1: Called Strike 0-2: Ball 1-2: Ball 2-2: SINGLE (Flyball, 5D, EV 91.9 MPH) Chad Sullivan to second
|
|
Batting: RHB Chance Argy
|
0-0: Foul Ball, location: 2F 0-1: Ball 1-1: Foul Ball, location: 2F 1-2: Ball 2-2: Grounds into double play, 6-4-3 (Groundball, 6, EV 81.2 MPH) Chad Sullivan to third
|
|
Batting: LHB Randy Stapleton
|
0-0: Ball 1-0: Swinging Strike 1-1: Ground out 6-3 (Groundball, 6, EV 90.0 MPH)
|
| Bottom of the 2nd over - 0 runs, 1 hit, 0 errors, 1 left on base; Lowell 0 - Idaho Falls 0 |
| TOP OF THE 3RD |
|
Lowell Spinners batting - Pitching for Idaho Falls Chukars : RHP Mike Galvin
|
|
Batting: RHB Dominique Paolozzi
|
0-0: Ball 1-0: Ball 2-0: Ground out 6-3 (Groundball, 6, EV 87.5 MPH)
|
|
Batting: LHB Joel Soto
|
0-0: Ground out U3 (Groundball, 13, EV 78.8 MPH)
|
|
Batting: RHB Sal Rivera
|
0-0: Ball 1-0: SINGLE (Groundball, 34D, EV 97.5 MPH)
|
|
Batting: RHB Frank Sokolosky
|
0-0: Ball Wild Pitch! Sal Rivera to second 1-0: Foul Ball, location: 2F 1-1: Ground out 6-3 (Groundball, 6, EV 103.1 MPH)
|
| Top of the 3rd over - 0 runs, 1 hit, 0 errors, 1 left on base; Lowell 0 - Idaho Falls 0 |
| BOTTOM OF THE 3RD |
|
Idaho Falls Chukars batting - Pitching for Lowell Spinners : RHP Victor Escobar
|
|
Batting: LHB Danny Pacheco
|
0-0: Ball 1-0: Called Strike 1-1: Called Strike 1-2: Foul Ball, location: 2F 1-2: Ball 2-2: Ball 3-2: Base on Balls
|
|
Batting: RHB Rob Ward
|
0-0: Called Strike 0-1: Called Strike 0-2: Foul Ball, location: 2F 0-2: Ball 1-2: Ball 2-2: Foul Ball, location: 2F 2-2: Fly out, F7 (Line Drive, 7S, EV 91.9 MPH)
|
|
Batting: RHB Tim Persson
|
0-0: Ball 1-0: Called Strike 1-1: Swinging Strike 1-2: SINGLE (Groundball, 6D, EV 103.8 MPH) Danny Pacheco to second
|
|
Batting: RHB Kevin Wimberly
|
0-0: Ball 1-0: Called Strike 1-1: Swinging Strike 1-2: Ball 2-2: Ball 3-2: Strikes out looking
|
|
Batting: RHB Edwin Ramos
|
0-0: Swinging Strike 0-1: Called Strike 0-2: Ground out U3 (Groundball, 3, EV 100.6 MPH)
|
| Bottom of the 3rd over - 0 runs, 1 hit, 0 errors, 2 left on base; Lowell 0 - Idaho Falls 0 |
| TOP OF THE 4TH |
|
Lowell Spinners batting - Pitching for Idaho Falls Chukars : RHP Mike Galvin
|
|
Pitching: RHP Josh Rutledge
|
|
|
Batting: LHB Frank Olivo
|
0-0: SINGLE (Groundball, 34D, EV 107.5 MPH)
|
|
Batting: RHB Travis Campbell
|
0-0: Fly out, F9 (Flyball, 9D, EV 105.0 MPH)
|
|
Batting: RHB Paul Long
|
0-0: Ball 1-0: Foul Ball, location: 2F 1-1: Ball 2-1: Foul Ball, location: 2F 2-2: Ball 3-2: Base on Balls Frank Olivo to second
|
|
Batting: RHB Bobby Schimke
|
0-0: Foul Ball, location: 2F 0-1: Swinging Strike 0-2: SINGLE (Groundball, 56, EV 105.0 MPH) (infield hit) Frank Olivo to third Paul Long to second
|
|
Batting: RHB Jose Molina
|
0-0: Swinging Strike 0-1: Swinging Strike 0-2: Strikes out looking
|
|
Batting: RHB Dominique Paolozzi
|
0-0: Swinging Strike 0-1: Ball 1-1: Called Strike 1-2: Foul Ball, location: 2F 1-2: Ball 2-2: SINGLE (Flyball, 3D, EV 98.1 MPH) Frank Olivo scores Paul Long to third Bobby Schimke to second Runner from 3rd tries for Home, SAFE, throw by RF to home
|
|
Pitching: RHP Brett Essary
|
|
|
Batting: LHB Joel Soto
|
0-0: Ball 1-0: Ground out 4-3 (Groundball, 4, EV 84.4 MPH)
|
| Top of the 4th over - 2 runs, 3 hits, 0 errors, 2 left on base; Lowell 2 - Idaho Falls 0 |
| BOTTOM OF THE 4TH |
|
Idaho Falls Chukars batting - Pitching for Lowell Spinners : RHP Victor Escobar
|
|
Batting: RHB Chad Sullivan
|
0-0: Swinging Strike 0-1: Ball 1-1: Foul Ball, location: 2F 1-2: Strikes out swinging
|
|
Batting: LHB Joe Cozart
|
0-0: Ball 1-0: Called Strike 1-1: Foul Ball, location: 2F 1-2: Ball 2-2: Foul Ball, location: 2F 2-2: Foul Ball, location: 2F 2-2: Strikes out swinging
|
|
Batting: RHB Chance Argy
|
0-0: Ball 1-0: Ball 2-0: Called Strike 2-1: SINGLE (Groundball, 34D, EV 109.4 MPH)
|
|
Batting: LHB Randy Stapleton
|
0-0: Ball 1-0: Ball 2-0: Swinging Strike 2-1: Swinging Strike 2-2: Strikes out swinging
|
| Bottom of the 4th over - 0 runs, 1 hit, 0 errors, 1 left on base; Lowell 2 - Idaho Falls 0 |
| TOP OF THE 5TH |
|
Lowell Spinners batting - Pitching for Idaho Falls Chukars : RHP Brett Essary
|
|
Batting: RHB Sal Rivera
|
0-0: Ball 1-0: Ball 2-0: Ball 3-0: Base on Balls
|
|
Batting: RHB Frank Sokolosky
|
0-0: TRIPLE (Line Drive, 7D, EV 111.9 MPH) Sal Rivera scores
|
|
Batting: LHB Frank Olivo
|
0-0: Called Strike 0-1: Ball Balk! Frank Sokolosky scores 1-1: TRIPLE (Line Drive, 78XD, EV 106.2 MPH)
|
|
Batting: RHB Travis Campbell
|
0-0: Ball 1-0: Ball 2-0: Foul Ball, location: 2F 2-1: Foul Ball, location: 2F 2-2: DOUBLE (Line Drive, 78D, EV 107.5 MPH) Frank Olivo scores
|
|
Batting: RHB Paul Long
|
0-0: Ball 1-0: DOUBLE (Line Drive, 89D, EV 103.1 MPH) Travis Campbell scores
|
|
Pitching: RHP Ryan Crump
|
|
|
Batting: RHB Bobby Schimke
|
0-0: Called Strike 0-1: Foul Ball, location: 2F 0-2: Strikes out looking
|
|
Batting: RHB Jose Molina
|
0-0: Ball 1-0: Swinging Strike 1-1: Swinging Strike 1-2: Strikes out looking
|
|
Batting: RHB Dominique Paolozzi
|
0-0: Called Strike 0-1: Ball 1-1: Ball 2-1: Foul Ball, location: 2F 2-2: Foul Ball, location: 2F 2-2: Ball 3-2: DOUBLE (Flyball, 78D, EV 107.5 MPH) Paul Long scores
|
|
Batting: LHB Joel Soto
|
0-0: Ball 1-0: SINGLE (Line Drive, 9S, EV 106.2 MPH) Dominique Paolozzi to third
|
|
Batting: RHB Sal Rivera
|
0-0: Ball 1-0: Called Strike 1-1: Ball 2-1: Fly out, F9 (Flyball, 9LM, EV 96.9 MPH)
|
| Top of the 5th over - 5 runs, 6 hits, 0 errors, 2 left on base; Lowell 7 - Idaho Falls 0 |
| BOTTOM OF THE 5TH |
|
Idaho Falls Chukars batting - Pitching for Lowell Spinners : RHP Victor Escobar
|
|
Batting: LHB Danny Pacheco
|
0-0: Swinging Strike 0-1: Ball 1-1: Swinging Strike 1-2: Ball 2-2: SINGLE (Groundball, 6S, EV 71.2 MPH) (infield hit)
|
|
Batting: RHB Rob Ward
|
0-0: Ball 1-0: Called Strike 1-1: SINGLE (Groundball, 34D, EV 96.9 MPH) - runner OUT being hit by batted ball. (infield hit)
|
|
Batting: RHB Tim Persson
|
0-0: Ball 1-0: Swinging Strike 1-1: Ball 2-1: Swinging Strike 2-2: Ball 3-2: Strikes out swinging
|
|
Batting: RHB Kevin Wimberly
|
0-0: Fly out, F3 (Popup, 3, EV 55.6 MPH)
|
| Bottom of the 5th over - 0 runs, 2 hits, 0 errors, 1 left on base; Lowell 7 - Idaho Falls 0 |
| TOP OF THE 6TH |
|
Lowell Spinners batting - Pitching for Idaho Falls Chukars : RHP Ryan Crump
|
|
Pitching: RHP Tony Jimenez
|
|
|
Batting: RHB Frank Sokolosky
|
0-0: Fly out, F8 (Flyball, 8RD, EV 103.1 MPH)
|
|
Batting: LHB Frank Olivo
|
0-0: Called Strike 0-1: Swinging Strike 0-2: Ball 1-2: Strikes out swinging
|
|
Batting: RHB Travis Campbell
|
0-0: Called Strike 0-1: Ball 1-1: Ball 2-1: SINGLE (Line Drive, 8LS, EV 110.0 MPH)
|
|
Batting: RHB Paul Long
|
0-0: Swinging Strike 0-1: TRIPLE (Groundball, 3L, EV 95.6 MPH) Travis Campbell scores
|
|
Batting: RHB Bobby Schimke
|
0-0: Ball 1-0: Swinging Strike 1-1: Ball Wild Pitch! Paul Long scores 2-1: Foul Ball, location: 2F 2-2: Ball 3-2: Base on Balls
|
|
Batting: RHB Jose Molina
|
0-0: Ball 1-0: Foul Ball, location: 2F 1-1: Ball 2-1: TRIPLE (Flyball, 8LXD, EV 102.5 MPH) Bobby Schimke scores
|
|
Pitching: RHP Bryan Kiefer
|
|
|
Batting: RHB Dominique Paolozzi
|
0-0: 2-RUN HOME RUN (Flyball, 7LD, EV 95.6 MPH), Distance : 365 ft
|
|
Batting: LHB Joel Soto
|
0-0: Called Strike 0-1: Swinging Strike 0-2: Ground out 5-3 (Groundball, 56, EV 111.2 MPH)
|
| Top of the 6th over - 5 runs, 4 hits, 0 errors, 0 left on base; Lowell 12 - Idaho Falls 0 |
| BOTTOM OF THE 6TH |
|
Idaho Falls Chukars batting - Pitching for Lowell Spinners : RHP Victor Escobar
|
|
Batting: RHB Edwin Ramos
|
0-0: Foul Ball, location: 2F 0-1: Ball 1-1: Foul Ball, location: 2F 1-2: Ball 2-2: Strikes out swinging
|
|
Pitching: LHP Joe Starcher
|
|
|
Batting: RHB Chad Sullivan
|
0-0: Ball 1-0: Ground out 6-3 (Groundball, 6, EV 81.2 MPH)
|
|
Batting: LHB Joe Cozart
|
0-0: SINGLE (Groundball, 4, EV 97.5 MPH)
|
|
Batting: RHB Chance Argy
|
0-0: Foul Ball, location: 2F 0-1: Ball Wild Pitch! Joe Cozart to second 1-1: Foul Ball, location: 2F 1-2: Fly out, F9 (Flyball, 9D, EV 109.4 MPH)
|
| Bottom of the 6th over - 0 runs, 1 hit, 0 errors, 1 left on base; Lowell 12 - Idaho Falls 0 |
| TOP OF THE 7TH |
|
Lowell Spinners batting - Pitching for Idaho Falls Chukars : RHP Bryan Kiefer
|
|
Batting: RHB Sal Rivera
|
0-0: Ball 1-0: Fly out, F8 (Flyball, 8RD, EV 92.5 MPH)
|
|
Batting: RHB Frank Sokolosky
|
0-0: Called Strike 0-1: Ball 1-1: Ball 2-1: Called Strike 2-2: TRIPLE (Line Drive, 89XD, EV 105.6 MPH)
|
|
Batting: LHB Frank Olivo
|
0-0: Foul Ball, location: 2F 0-1: Ball 1-1: Ball 2-1: Ball 3-1: Foul Ball, location: 2F 3-2: Foul Ball, location: 2F 3-2: Foul Ball, location: 2F 3-2: 2-RUN HOME RUN (Flyball, 78XD, EV 100.6 MPH), Distance : 400 ft
|
|
Pitching: RHP Shane Bruce
|
|
|
Batting: RHB Travis Campbell
|
0-0: Foul Ball, location: 2F 0-1: Ball 1-1: Ball 2-1: Swinging Strike 2-2: Ball 3-2: Foul Ball, location: 2F 3-2: Foul Ball, location: 2F 3-2: Strikes out swinging
|
|
Batting: RHB Paul Long
|
0-0: Swinging Strike 0-1: Called Strike 0-2: Ball 1-2: Hit by Pitch
|
|
Batting: RHB Bobby Schimke
|
0-0: Ball 1-0: Reached via error on a dropped throw from 3B, E3 (Groundball, 56S, EV 90.6 MPH) Paul Long to second
|
|
Batting: RHB Jose Molina
|
0-0: Foul Ball, location: 2F 0-1: Swinging Strike 0-2: Ball 1-2: Hit by Pitch Paul Long to third Bobby Schimke to second
|
|
Batting: RHB Dominique Paolozzi
|
0-0: Ball Balk! Paul Long scores Bobby Schimke to third Jose Molina to second 1-0: Swinging Strike 1-1: Swinging Strike 1-2: Strikes out swinging
|
| Top of the 7th over - 3 runs, 2 hits, 1 error, 2 left on base; Lowell 15 - Idaho Falls 0 |
| BOTTOM OF THE 7TH |
|
Idaho Falls Chukars batting - Pitching for Lowell Spinners : LHP Joe Starcher
|
|
Batting: LHB Randy Stapleton
|
0-0: Foul Ball, location: 2F 0-1: Swinging Strike 0-2: Strikes out looking
|
|
Batting: LHB Danny Pacheco
|
0-0: Ball 1-0: Ball 2-0: SINGLE (Groundball, 25, EV 65.6 MPH) (infield hit)
|
|
Batting: RHB Rob Ward
|
0-0: Foul Ball, location: 2F 0-1: Fly out, F7 (Flyball, 7LS, EV 88.8 MPH)
|
|
Batting: RHB Tim Persson
|
0-0: Called Strike 0-1: Fly out, F3 (Popup, 3SF, EV 78.1 MPH)
|
| Bottom of the 7th over - 0 runs, 1 hit, 0 errors, 1 left on base; Lowell 15 - Idaho Falls 0 |
| TOP OF THE 8TH |
|
Lowell Spinners batting - Pitching for Idaho Falls Chukars : RHP Shane Bruce
|
|
Batting: LHB Joel Soto
|
0-0: Foul Ball, location: 2F 0-1: Swinging Strike 0-2: Ball 1-2: Ball 2-2: Fly out, F8 (Flyball, 8RD, EV 80.0 MPH)
|
|
Batting: RHB Sal Rivera
|
0-0: Called Strike 0-1: Swinging Strike 0-2: Ball 1-2: Strikes out swinging
|
|
Batting: RHB Frank Sokolosky
|
0-0: Called Strike 0-1: Foul Ball, location: 2F 0-2: Foul Ball, location: 2F 0-2: Ball 1-2: Foul Ball, location: 2F 1-2: SOLO HOME RUN (Line Drive, 7D, EV 99.4 MPH), Distance : 393 ft
|
|
Batting: LHB Frank Olivo
|
0-0: Ball 1-0: Called Strike 1-1: Ball 2-1: Ball 3-1: Foul Ball, location: 2F 3-2: SINGLE (Line Drive, 9S, EV 105.0 MPH)
|
|
Pitching: LHP Ernesto Abreu
|
|
|
Batting: RHB Travis Campbell
|
0-0: Ground out 3-1 (Groundball, 34S, EV 71.2 MPH)
|
| Top of the 8th over - 1 run, 2 hits, 0 errors, 1 left on base; Lowell 16 - Idaho Falls 0 |
| BOTTOM OF THE 8TH |
|
Idaho Falls Chukars batting - Pitching for Lowell Spinners : LHP Joe Starcher
|
|
Batting: RHB Kevin Wimberly
|
0-0: Ball 1-0: Called Strike 1-1: Foul Ball, location: 2F 1-2: Foul Ball, location: 2F 1-2: Fly out, F8 (Flyball, 89D, EV 103.1 MPH)
|
|
Batting: RHB Edwin Ramos
|
0-0: Foul Ball, location: 2F 0-1: Called Strike 0-2: Strikes out looking
|
|
Batting: RHB Chad Sullivan
|
0-0: Foul Ball, location: 2F 0-1: Ground out 6-3 (Groundball, 6, EV 85.0 MPH)
|
| Bottom of the 8th over - 0 runs, 0 hits, 0 errors, 0 left on base; Lowell 16 - Idaho Falls 0 |
| TOP OF THE 9TH |
|
Lowell Spinners batting - Pitching for Idaho Falls Chukars : LHP Ernesto Abreu
|
|
Batting: RHB Paul Long
|
0-0: Called Strike 0-1: Ball 1-1: Ball 2-1: Ball 3-1: Base on Balls
|
|
Batting: RHB Bobby Schimke
|
0-0: Ball Wild Pitch! Paul Long to second 1-0: Ball 2-0: Ball 3-0: Base on Balls
|
|
Pinch Hitting: RHB Randy Schmitt
|
0-0: Called Strike 0-1: Ball Wild Pitch! Paul Long to third Bobby Schimke to second 1-1: Ball 2-1: Swinging Strike 2-2: Foul Ball, location: 2F 2-2: Hit by Pitch
|
|
Batting: RHB Dominique Paolozzi
|
0-0: Ball 1-0: Ball 2-0: Ball 3-0: Called Strike 3-1: Fly out, F8 (Flyball, 8RD, EV 75.6 MPH) Runner from 3rd tags up, OUT at HOME! 8-2 Bobby Schimke to third Randy Schmitt to second
|
|
Batting: LHB Joel Soto
|
0-0: Called Strike 0-1: Foul Ball, location: 2F 0-2: SINGLE (Line Drive, 78S, EV 95.0 MPH) Bobby Schimke scores Randy Schmitt to third Runner from 3rd tries for Home, SAFE, throw by CF to home
|
|
Pinch Hitting: RHB Alfredo Razo
|
0-0: Called Strike 0-1: Called Strike 0-2: Strikes out looking
|
| Top of the 9th over - 2 runs, 1 hit, 0 errors, 1 left on base; Lowell 18 - Idaho Falls 0 |
| BOTTOM OF THE 9TH |
|
Idaho Falls Chukars batting - Pitching for Lowell Spinners : LHP Joe Starcher
|
|
Pitching: LHP Chris Woodruff
|
|
|
Now at 2B: Randy Schmitt
|
|
|
Now in CF: Alfredo Razo
|
|
|
Batting: LHB Joe Cozart
|
0-0: Ball 1-0: Ball 2-0: Ball 3-0: Base on Balls
|
|
Batting: RHB Chance Argy
|
0-0: Ball 1-0: Foul Ball, location: 2F 1-1: Foul Ball, location: 2F 1-2: Grounds into double play, 3-6-3 (Groundball, 34, EV 87.5 MPH)
|
|
Batting: LHB Randy Stapleton
|
0-0: Ball 1-0: Ball 2-0: Foul Ball, location: 2F 2-1: Foul Ball, location: 2F 2-2: Foul Ball, location: 2F 2-2: Ball 3-2: Foul Ball, location: 2F 3-2: Strikes out looking
|
| Bottom of the 9th over - 0 runs, 0 hits, 0 errors, 0 left on base; Lowell 18 - Idaho Falls 0 |
|